 Dungeon Crawl Stone Soup version 0.25.1-2-g60ff931df9 (webtiles) character file.

Game seed: 9648113709603297526

148342 goulibeur the Fencer (level 16, -3/151 HPs)
             Began as a Yellow Draconian Berserker on Oct 27, 2020.
             Was the Champion of Trog.
             Slain by a +2 vorpal flail (14 damage)
             ... on level 3 of the Elven Halls on Oct 31, 2020.
             The game lasted 04:55:32 (33814 turns).

goulibeur the Fencer (Yellow Draconian Berserker)  Turns: 33814, Time: 04:55:33

Health: -3/151     AC: 19    Str: 20    XL:     16   Next: 94%
Magic:  16/16      EV: 23    Int:  9    God:    Trog [******]
Gold:   94         SH: 22    Dex: 16    Spells: 15/15 levels left

rFire    + + +     SeeInvis .   D - +11 falchion of the Thirsty Princes {protect, rF+}
rCold    x . .     Gourm    .   Y - +10 kite shield of Spite {-Tele rElec rF+ Regen+}
rNeg     . . .     Faith    .   (armour unavailable)
rPois    .         Spirit   .   l - +1 hat
rElec    +         Reflect  .   z - +1 cloak
rCorr    +         Harm     .   (no gloves)
MR       +++..     Rnd*Rage +   (no boots) Stlth ++++......NoTele +
                                n - amulet of the acrobat
HPRegen  0.75/turn              P - +4 ring of evasion
MPRegen  0.15/turn              Z - ring "Varhekh" {Fire MR++}

@: protection aura, berserk cooldown, slowed, studying Stealth, heavily drained,
very slow
A: spit acid, unfitting armour, berserk 1, acidic bite, cold-blooded, acid
resistance, AC +9
a: Breathe Acid, Berserk, Trog's Hand, Brothers in Arms, Renounce Religion


You were on level 3 of the Elven Halls.
You worshipped Trog.
Trog was exalted by your worship.
You were not hungry.

You visited 4 branches of the dungeon, and saw 26 of its levels.
You also visited: Sewer and Gauntlet.

You collected 2493 gold pieces.
You spent 2399 gold pieces at shops.

Inventory:

Hand Weapons
 s - the +8 dagger of Baoq {flame, Str+3 SInv}
   (You bought it in a shop on level 2 of the Orcish Mines)

   It has been specially enchanted to burn those struck by it, causing extra
   injury to most foes and up to half again as much damage against particularly
   susceptible opponents.
   It affects your strength (+3).
   It lets you see invisible.
 D - the +11 falchion of the Thirsty Princes (weapon) {protect, rF+}
   (You found it on level 5 of the Dungeon)

   It grants its wielder temporary protection when it strikes (+7 to AC).
   It protects you from fire.
 G - a +4 long sword of flaming
 L - a +5 demon blade
 U - the +2 double sword "Newt's Regret" {vorpal, *Rage rN+ Str+4}
   (Trog gifted it to you on level 11 of the Dungeon)

   It inflicts extra damage upon your enemies.
   It affects your strength (+4).
   It protects you from negative energy.
   It may make you go berserk in combat.
Missiles
 c - 200 bolts
 j - 47 poisoned darts (quivered)
 p - 16 javelins
 r - 3 silver javelins
 u - 52 boomerangs
 x - 9 atropa-tipped darts
 H - 2 curare-tipped darts
Armour
 i - the +0 pair of gloves "Kicusm" {Harm MR+}
   (You found it in a Gauntlet)

   It affects your resistance to hostile enchantments.
   It increases damage dealt and taken.
 l - a +1 hat (worn)
 z - a +1 cloak (worn)
 Y - the +10 kite shield of Spite (worn) {-Tele rElec rF+ Regen+}
   (You took it off Donald on level 2 of the Orcish Mines)

   It protects you from fire.
   It insulates you from electricity.
   It prevents most forms of teleportation.
   It increases your rate of regeneration.
Jewellery
 m - the ring of Accord {*Contam rElec rF+ MR+}
   (You bought it in a shop on level 1 of the Orcish Mines)

   [ring of protection from magic]

   It protects you from fire.
   It insulates you from electricity.
   It affects your resistance to hostile enchantments.
   It causes magical contamination when unequipped.
 n - an amulet of the acrobat (around neck)
 I - an uncursed ring of poison resistance
 P - a +4 ring of evasion (left hand)
 X - an uncursed ring of see invisible
 Z - the ring "Varhekh" (right hand) {Fire MR++}
   (You found it on level 2 of the Lair of Beasts)

   [ring of fire]

   It enhances your fire magic.
   It protects you from fire.
   It makes you vulnerable to cold.
   It affects your resistance to hostile enchantments.
Wands
 a - a wand of flame (19)
 E - a wand of paralysis (7)
 K - a wand of acid (7)
 R - a wand of polymorph (22)
Scrolls
 d - 11 scrolls of teleportation
 g - 6 scrolls of enchant weapon
 h - a scroll of blinking
 y - a scroll of fog
 A - 2 scrolls of magic mapping
 C - 2 scrolls of fear
 F - 2 scrolls of identify
 J - a scroll of silence
 M - 5 scrolls of enchant armour
 O - 4 scrolls of remove curse
 V - 2 scrolls of brand weapon
Potions
 e - 3 potions of magic
 f - 8 potions of curing
 k - 5 potions of haste
 o - 10 potions of heal wounds
 v - 2 potions of stabbing
 w - 4 potions of might
 B - 5 potions of flight
Books
 q - a manual of Stealth
Comestibles
 b - 53 rations
 t - 3 chunks of flesh


   Skills:
 + Level 16.3(13.5) Fighting
 - Level 3.0(9.4) Short Blades
 * Level 17.1(14.4) Long Blades
 * Level 4.2(2.2) Throwing
 + Level 13.0(10.4) Dodging
 + Level 10.0(7.7) Stealth
 + Level 12.6(10.1) Shields


You had 15 spell levels left.
You didn't know any spells.
Your spell library was empty.

Dungeon Overview and Level Annotations

Branches:
Dungeon (15/15)            Temple (0/1) D:7            Lair (6/6) D:11
  Swamp (0/4) Lair:4        Snake (0/4) Lair:2        Slime (0/5) Lair:6
    Orc (2/2) D:9             Elf (3/3) Orc:2        Vaults (0/5) D:13
 Depths (0/5) D:15          Sewer (visited)         Gauntlet (visited)

Altars:
Ashenzari
Cheibriados
Dithmenos
Elyvilon
Makhleb
Nemelex Xobeh
Okawaru
Yredelemnul
Zin
Beogh
Jiyva

Shops:
D:8 %   D:10 **   D:13 =??   Orc:1 =   Orc:2 [:?*   Elf:1 %   Elf:2 **!
Elf:3 *

Portals:
Pandemonium: Orc:2
Trove: D:12 (lose all piety)

Annotations:
Elf:1 3 runed translucent doors, bomj's ghost, adept MiBe
Elf:2 3 runed translucent doors


Innate Abilities, Weirdness & Mutations

You can spit globs of acid.
Your golden yellow scales are hard. (AC +9)
You cannot fit into any form of body armour.
You have acidic saliva.
You are cold-blooded and may be slowed by cold attacks.
You are resistant to acid. (rCorr)
You tend to lose your temper in combat.


Message History

The +2 vorpal flail is lightly damaged.
You cannot blink because you are wearing the +10 kite shield of Spite {-Tele rElec rF+ Regen+}.
Take off which item? (? for menu, Esc to quit)
You block the hellwing's attack.
Keep disrobing?
Uppercase [Y]es or [N]o only, please.
Keep disrobing?
You block the hellwing's attack. You block the +2 vorpal flail's attack.
The balrug gestures at you. Something smites you!
* * * LOW HITPOINT WARNING * * *
You block the hellwing's attack.
The hellwing hits you but does no damage.
You block the +2 vorpal flail's attack.
You start removing your armour.
You continue taking off the +10 kite shield of Spite {-Tele rElec rF+ Regen+}.
You block the +2 vorpal flail's attack.
The ghostly deep elf death mage beckons forth a restless soul!
You block the hellwing's attack. x2; The +2 vorpal flail hits you!
You die...

#e# #.# ##.##
##...## #..#..#
#e###.# #e2#..#
## #(###.# #####
#@# #.###.#.##
#4###.....+..##
#.........#...##
########'###+###
##...#...##
##..#..##
##'.#.##
##.#####
#######.## ##


You could see a deep elf blademaster, a balrug (summoned), a ghostly deep elf
death mage, a hellwing (summoned) and a +2 vorpal flail.

Vanquished Creatures
  Rupert (Orc:2)
  Kirke (Lair:6)
  Donald (Orc:2)
  2 deep elf sorcerers
  2 deep elf elementalists (Elf:3)
  Nessos (Lair:4)
  A minotaur (Gauntlet)
  A dire elephant (Gauntlet)
  An ettin (Orc:2)
  Erolcha (Orc:2)
  Fannar (Lair:1)
  2 hydras
  2 ogre magi (D:15)
  3 centaur warriors
  3 catoblepae (Lair:6)
  9 two-headed ogres
  13 dancing weapons
  6 death yaks (Lair:6)
  5 orc high priests (Orc:2)
  A sun demon (Orc:2)
  13 deep elf knights
  6 slime creatures
  2 skeletal warriors (D:15)
  8 deep elf archers
  2 torturous demonspawn (Orc:2)
  A flayed ghost (D:15)
  5 orc knights (Orc:2)
  2 necromancers
  39 deep elf magi
  4 manticores
  7 orc sorcerers (Orc:2)
  12 ugly things
  2 stone giant zombies (D:15)
  3 cyclopes
  8 elephants
  An elephant (shapeshifter) (D:13)
  3 centaur zombies
  6 black mambas
  4 torpor snails
  A water nymph (shapeshifter) (Elf:3)
  A gargoyle (D:15)
  5 komodo dragons
  A yaktaur zombie (D:15)
  An orange demon (Orc:2)
  7 spiny frogs
  3 kobold demonologists
  A spiny frog (shapeshifter) (D:13)
  A freezing wraith (D:15)
  A minotaur zombie (Gauntlet)
  A redback zombie (D:14)
  A yaktaur (shapeshifter) (Elf:1)
  A red devil (Orc:2)
  3 hellwings
  9 trolls
  A hornet (Lair:5)
  A polar bear (shapeshifter) (D:13)
  Prince Ribbit (D:5)
  2 polar bears
  A queen bee (D:11)
  31 blink frogs
  A tyrant leech (shapeshifter) (Elf:3)
  A raiju (Gauntlet)
  A spriggan zombie (D:15)
  3 bog bodies (Lair:4)
  A meliai zombie (D:13)
  6 hippogriffs
  An air elemental (Elf:3)
  4 shadows
  A wraith (D:15)
  7 wyverns
  54 yaks
  4 hogs
  3 vampires
  A water elemental (Elf:3)
  A human (D:10)
  A fire elemental (Elf:1)
  A neqoxec (Orc:2)
  4 basilisks
  3 steam dragons
  3 vampire mosquitoes (D:14)
  A golden eye (shapeshifter) (Elf:2)
  A swamp worm (Lair:4)
  A warg (D:9)
  19 water moccasins
  2 soldier ants
  6 porcupines
  39 orc warriors
  A sky beast (D:10)
  A black bear (D:12)
  3 ice beasts
  19 ogres
  4 phantoms
  17 centaurs
  9 wolves
  9 crocodiles
  8 big kobolds
  26 bullfrogs
  4 gnoll sergeants (D:8)
  A water moccasin zombie (D:7)
  2 wyvern skeletons
  2 scorpions
  37 killer bees
  13 wights
  10 howler monkeys
  An electric eel (Lair:4)
  13 crimson imps
  A gnoll shaman (D:8)
  32 orc priests
  15 hounds
  3 jellies (D:15)
  28 orc wizards
  5 bullfrog skeletons
  7 centaur skeletons
  4 iguanas
  12 worker ants
  8 hell rats (Lair:2)
  A polar bear simulacrum (Lair:2)
  4 yak simulacra (Lair:2)
  4 wolf simulacra (Lair:2)
  A hound skeleton (D:7)
  A worker ant zombie (D:6)
  34 gnolls
  18 adders
  9 river rats (Lair:2)
  4 shadow imps
  3 white imps (D:13)
  2 oozes
  2 worms
  A dart slug (D:1)
  9 leopard geckos
  87 orcs
  11 giant cockroaches
  25 goblins
  29 hobgoblins
  13 jackals
  23 kobolds
  7 quokkas
  2 ball pythons
  13 bats
  9 frilled lizards
  A quokka zombie (D:5)
  19 rats
  2 river rat simulacra (Lair:2)
  A crawling corpse (Elf:3)
1059 creatures vanquished.

Vanquished Creatures (others)
  A deep elf sorcerer (Elf:2)
  A deep elf mage (Elf:2)
  A blink frog (Lair:4)
  A human (Lair:6)
  A water moccasin (Lair:6)
  A ball python (D:7)
  A bush (D:11)
  A fungus (Lair:4)
  5 plants
  3 withered plants (D:15)
16 creatures vanquished.

Grand Total: 1075 creatures vanquished

Notes
Turn   | Place    | Note
-------+----------+-------------------------------------------
     0 | D:1      | goulibeur the Draconian Berserker began the quest for the
                  | Orb.
     0 | D:1      | Reached XP level 1. HP: 19/19 MP: 1/1
   142 | D:1      | Reached XP level 2. HP: 27/27 MP: 2/2
   661 | D:1      | Reached ** piety under Trog
   661 | D:1      | Reached XP level 3. HP: 20/33 MP: 3/3
   820 | D:1      | You fall into a shaft and drop 1 floor!
  1401 | D:2      | Found a faded altar of an unknown god.
  2156 | D:3      | Reached skill level 5 in Fighting
  2156 | D:3      | Reached XP level 4. HP: 33/42 MP: 4/4
  2523 | D:3      | Reached XP level 5. HP: 48/48 MP: 5/5
  2860 | D:3      | Reached *** piety under Trog
  3248 | D:4      | Reached XP level 6. HP: 51/58 MP: 6/6
  3700 | D:4      | Your scales start taking on a golden yellow colour.
  3700 | D:4      | Reached XP level 7. HP: 64/66 MP: 7/7
  3700 | D:4      | Gained mutation: You are resistant to acid. (rCorr) [Yellow
                  | Draconian growth]
  3879 | D:4      | Reached **** piety under Trog
  4122 | D:4      | Reached skill level 5 in Dodging
  5302 | D:5      | Entered Level 5 of the Dungeon
  5338 | D:5      | Found a glowing drain.
  5396 | D:5      | Noticed Prince Ribbit
  5401 | Sewer    | Entered a sewer
  5463 | Sewer    | Reached XP level 8. HP: 78/78 MP: 8/8
  5669 | Sewer    | Reached ***** piety under Trog
  5851 | D:5      | Killed Prince Ribbit
  5851 | D:5      | Reached skill level 10 in Fighting
  6002 | D:5      | Got an ancient falchion
  6003 | D:5      | Identified the +11 falchion of the Thirsty Princes
                  | {protect, rF+} (You found it on level 5 of the Dungeon)
  6028 | D:5      | Found an iron altar of Okawaru.
  6075 | D:5      | Reached skill level 1 in Long Blades
  6098 | D:5      | You fall into a shaft and drop 2 floors!
  6107 | D:7      | Reached skill level 1 in Shields
  6110 | D:7      | Reached skill level 2 in Long Blades
  6116 | D:7      | Reached XP level 9. HP: 86/86 MP: 9/9
  6119 | D:7      | Reached skill level 3 in Long Blades
  6678 | D:6      | Reached skill level 4 in Long Blades
  6802 | D:6      | Found a white marble altar of Elyvilon.
  6864 | D:6      | Found a basalt altar of Yredelemnul.
  6982 | D:7      | Found a staircase to the Ecumenical Temple.
  7440 | D:8      | Found a shattered altar of Ashenzari.
  7459 | D:8      | Reached skill level 5 in Long Blades
  8238 | D:8      | Reached skill level 6 in Long Blades
  8238 | D:8      | Reached XP level 10. HP: 95/95 MP: 10/10
  8247 | D:8      | Found Etukku's Food Boutique.
  8271 | D:8      | Paralysed by a gnoll for 4 turns
  8295 | D:8      | Bought a ration for 55 gold pieces
  8295 | D:8      | Bought a ration for 55 gold pieces
  8295 | D:8      | Bought a ration for 55 gold pieces
  8295 | D:8      | Bought a ration for 55 gold pieces
  8295 | D:8      | Bought a ration for 55 gold pieces
  8295 | D:8      | Bought a ration for 55 gold pieces
  8553 | D:8      | Received a gift from Trog
  8906 | D:9      | Noticed a two-headed ogre
  8917 | D:9      | Killed a two-headed ogre
  8977 | D:9      | Reached skill level 7 in Long Blades
  9155 | D:9      | Reached skill level 5 in Shields
  9446 | D:9      | Noticed a two-headed ogre
  9459 | D:9      | Killed a two-headed ogre
  9459 | D:9      | Reached skill level 8 in Long Blades
  9717 | D:9      | Noticed a deep elf mage
  9729 | D:9      | Killed a deep elf mage
  9729 | D:9      | Reached XP level 11. HP: 104/104 MP: 11/11
  9810 | D:9      | Found a burning altar of Makhleb.
  9903 | D:9      | Found a glowing silver altar of Zin.
  9904 | D:9      | Found a shadowy altar of Dithmenos.
  9905 | D:9      | Found a sparkling altar of Nemelex Xobeh.
  9985 | D:9      | Found a staircase to the Orcish Mines.
 10110 | D:10     | Entered Level 10 of the Dungeon
 10110 | D:10     | Found Emoden's Lightly-Used Armoury.
 10798 | D:10     | Found Jyibliso's General Store.
 10807 | D:10     | Received a gift from Trog
 10879 | D:10     | Bought a scroll of identify for 20 gold pieces
 10879 | D:10     | Bought a scroll of identify for 20 gold pieces
 10879 | D:10     | Bought a ration for 50 gold pieces
 10912 | D:10     | Reached skill level 9 in Long Blades
 11578 | D:11     | Noticed a green ugly thing
 11578 | D:11     | Noticed a white ugly thing
 11591 | D:11     | Killed a green ugly thing
 11598 | D:11     | Killed a green ugly thing
 12365 | D:11     | Reached skill level 10 in Long Blades
 12370 | D:11     | Received a gift from Trog
 12371 | D:11     | Got an iridescent double sword {god gift}
 12399 | D:11     | Found a staircase to the Lair.
 12407 | D:11     | You fall into a shaft and drop 2 floors!
 12701 | D:13     | Reached XP level 12. HP: 97/113 MP: 12/12
 12788 | D:13     | Noticed a two-headed ogre
 12801 | D:13     | a two-headed ogre changed into an elephant
 12853 | D:13     | Found a gate to the Vaults.
 13179 | D:12     | Identified the +2 double sword "Newt's Regret" {vorpal,
                  | *Rage rN+ Str+4} (Trog gifted it to you on level 11 of the
                  | Dungeon)
 13408 | D:12     | Noticed a two-headed ogre
 13416 | D:12     | Killed a two-headed ogre
 13416 | D:12     | Reached skill level 11 in Long Blades
 13822 | D:12     | Received a gift from Trog
 13871 | D:12     | Found a portal to a secret trove of treasure.
 13937 | D:12     | Noticed a centaur warrior
 13947 | D:12     | Killed a centaur warrior
 14257 | Lair:1   | Entered Level 1 of the Lair of Beasts
 14299 | Lair:1   | Reached skill level 10 in Dodging
 14610 | Lair:1   | Noticed Fannar
 14623 | Lair:1   | Killed Fannar
 14765 | Lair:1   | Reached skill level 12 in Long Blades
 15047 | Lair:2   | Found a staircase to the Snake Pit.
 15180 | Lair:2   | Reached XP level 13. HP: 100/122 MP: 13/13
 15362 | Lair:2   | Got a sparkling brass ring
 15548 | Lair:2   | Reached ****** piety under Trog
 15607 | Lair:2   | Received a gift from Trog
 16422 | Lair:3   | Found a snail-covered altar of Cheibriados.
 17309 | Lair:4   | Noticed Nessos
 17360 | Lair:4   | Killed Nessos
 17790 | Lair:4   | Received a gift from Trog
 18444 | Lair:4   | Reached skill level 13 in Long Blades
 18647 | Lair:4   | Found a staircase to the Swamp.
 19920 | Lair:6   | Entered Level 6 of the Lair of Beasts
 20243 | Lair:6   | Reached skill level 10 in Shields
 20367 | Lair:6   | Noticed Kirke
 20718 | Lair:6   | Killed Kirke
 20718 | Lair:6   | Gained mutation: You have acidic saliva. [Yellow Draconian
                  | growth]
 20718 | Lair:6   | Reached XP level 14. HP: 133/133 MP: 14/14
 20996 | Lair:6   | Reached skill level 14 in Long Blades
 22232 | Lair:6   | Found a viscous altar of Jiyva.
 22233 | Lair:6   | Found a staircase to the Slime Pits.
 23216 | Orc:1    | Entered Level 1 of the Orcish Mines
 23216 | Orc:1    | Found a roughly hewn altar of Beogh.
 23242 | Orc:1    | Received a gift from Trog
 23498 | Orc:2    | Entered Level 2 of the Orcish Mines
 23505 | Orc:2    | Noticed Rupert
 23509 | Orc:2    | Reached skill level 1 in Stealth
 23521 | Orc:2    | Killed Rupert
 23732 | Orc:2    | Found a roughly hewn altar of Beogh.
 24053 | Orc:2    | Identified the +10 kite shield of Spite {-Tele rElec rF+
                  | Regen+}
 24053 | Orc:2    | Noticed Donald
 24115 | Orc:2    | Killed Donald
 24152 | Orc:2    | Found a staircase to the Elven Halls.
 24645 | Orc:1    | Identified the ring "Varhekh" {Fire MR++} (You found it on
                  | level 2 of the Lair of Beasts)
 24698 | Orc:1    | Found Rilluul's Jewellery Shop.
 24711 | Orc:1    | Bought the ring of Accord {*Contam rElec rF+ MR+} for 565
                  | gold pieces
 24821 | Orc:1    | Received a gift from Trog
 24901 | Orc:1    | You fall into a shaft and drop 1 floor!
 25021 | Orc:2    | Reached skill level 15 in Fighting
 25128 | Orc:2    | Found Byzum's General Store.
 25130 | Orc:2    | Found Loamnorgh's Magic Scroll Shop.
 25164 | Orc:2    | Reached skill level 15 in Long Blades
 25472 | Orc:2    | Bought the +8 dagger of Baoq {flame, Str+3 SInv} for 733
                  | gold pieces
 25489 | Orc:2    | Noticed Erolcha
 25511 | Orc:2    | Killed Erolcha
 25518 | Orc:2    | Reached XP level 15. HP: 141/141 MP: 15/15
 25556 | Orc:2    | Bought a scroll of enchant weapon for 82 gold pieces
 25556 | Orc:2    | Bought a scroll of brand weapon for 220 gold pieces
 25619 | Orc:2    | Gained mutation: You tend to lose your temper in combat. [a
                  | neqoxec]
 25982 | Orc:2    | Received a gift from Trog
 26240 | Orc:2    | Reached skill level 5 in Stealth
 26382 | Orc:2    | Found Wowounk's Antique Armour Emporium.
 26382 | Orc:2    | Found Koucurchyuri's Book Shoppe.
 26383 | Orc:2    | Found a one-way gate leading to the halls of Pandemonium.
 27077 | D:13     | Found Ytwakkav's Jewellery Emporium.
 27251 | D:13     | Found Qugalec's Magic Scroll Shop.
 27254 | D:13     | Bought a scroll of identify for 22 gold pieces
 27254 | D:13     | Bought a scroll of identify for 22 gold pieces
 27254 | D:13     | Bought a scroll of identify for 22 gold pieces
 27254 | D:13     | Bought a scroll of remove curse for 33 gold pieces
 27622 | D:13     | Found Vazuwygito's Magic Scroll Boutique.
 27631 | D:13     | Received a gift from Trog
 27711 | D:13     | Bought a scroll of remove curse for 36 gold pieces
 27711 | D:13     | Bought a scroll of identify for 24 gold pieces
 27711 | D:13     | Bought a scroll of identify for 24 gold pieces
 27711 | D:13     | Bought a scroll of identify for 24 gold pieces
 27827 | D:14     | Found a gate leading to a gauntlet.
 27836 | Gauntlet | Entered a Gauntlet
 27836 | Gauntlet | Found a transporter.
 27836 | Gauntlet | Found a transporter.
 27839 | Gauntlet | Found a transporter.
 27843 | Gauntlet | Found a transporter.
 27844 | Gauntlet | Found a transporter.
 27903 | Gauntlet | Found a transporter.
 27903 | Gauntlet | Found a transporter.
 27903 | Gauntlet | Found a runed translucent door.
 27903 | Gauntlet | Found a transporter.
 27903 | Gauntlet | Found a transporter.
 27928 | Gauntlet | Found a transporter.
 27932 | Gauntlet | Got a pair of glimmering gloves
 27938 | Gauntlet | Identified the cursed +0 pair of gloves "Kicusm" {Harm MR+}
                  | (You found it in a Gauntlet)
 27989 | Gauntlet | Found a transporter.
 28029 | Gauntlet | Identified First Steps in Spellcraft
 28029 | Gauntlet | Identified the Grimoire of the Birds and Toxins
 29406 | D:15     | Entered Level 15 of the Dungeon
 29490 | D:15     | Found a viscous altar of Jiyva.
 29606 | D:15     | Reached skill level 16 in Long Blades
 29825 | D:15     | Received a gift from Trog
 29892 | D:15     | Found a staircase to the Depths.
 30461 | D:15     | Reached XP level 16. HP: 150/150 MP: 16/16
 30939 | Elf:1    | Entered Level 1 of the Elven Halls
 30941 | Elf:1    | Found a runed translucent gate.
 30941 | Elf:1    | Noticed bomj's ghost (adept MiBe)
 30961 | Elf:1    | Found a runed translucent gate.
 30962 | Elf:1    | Found a runed translucent gate.
 31277 | Elf:1    | Received a gift from Trog
 31514 | Elf:1    | Found Hicetoe's Food Boutique.
 31683 | Elf:1    | Bought a ration for 70 gold pieces
 31683 | Elf:1    | Bought a ration for 70 gold pieces
 31710 | Elf:1    | Reached skill level 1 in Throwing
 32008 | Elf:1    | Identified the Collected Works on Attacks and Calling
 32109 | Elf:2    | Identified the +2 spear of Inference {freeze, rPois rC+
                  | rN+}
 32178 | Elf:2    | Found Uwuf's Assorted Antiques.
 32485 | Elf:2    | Found Afaujeih's Distillery.
 32767 | Elf:2    | Found a runed translucent gate.
 32767 | Elf:2    | Found a runed translucent gate.
 32767 | Elf:2    | Found a runed translucent gate.
 32802 | Elf:2    | Found Wabez's General Store.
 32813 | Elf:2    | Received a gift from Trog
 32824 | Elf:2    | Bought a scroll of identify for 32 gold pieces
 33249 | Elf:3    | Entered Level 3 of the Elven Halls
 33348 | Elf:3    | Reached skill level 17 in Long Blades
 33494 | Elf:3    | Found Xuf Keje's General Store.
 33759 | Elf:3    | Reached skill level 10 in Stealth
 33791 | Elf:3    | Noticed a deep elf blademaster
 33814 | Elf:3    | Slain by a +2 vorpal flail

Illustrated notes

Levels and vault maps discovered:
D:1:      wander_arrival_lonely_grave, layout_loops_ring, nrook_mini_vaults,
          minmay_heptomino_w4
D:2:      layout_loops_corners, chequers_ecumenical_altar_simple, first_ration,
          st_stairs_8, kennysheep_pointless_box, feat_on_display
D:3:      layout_loops_cross, serial_bayou_pond_a
D:4:      minmay_goblin_kobold_castle, layout_layer_cave
D:5:      layout_basic, nicolae_overflow_crystal_walls, gup_sewer_entry_glass,
          okawaru_ov_weapons_minmay, uniq_prince_ribbit1
D:6:      layout_loops_ring, kennysheep_ying_yang
D:7:      layout_loops_ring, minmay_temple_entry_sparse_star
D:8:      layout_cave_pools, serial_gnoll_camp, gnoll_camp_mini_doghouse,
          gnoll_camp_mini_sergeant, gnoll_camp_mini_hut,
          gnoll_camp_mini_doghouse, gnoll_camp_huts_basic, serial_shops, shop,
          basic_altar
D:9:      layout_roguey, kennysheep_mini,
          chequers_temple_overflow_statue_of_worship, erik_orc_4
D:10:     layout_roguey, serial_shops, nicolae_shop_crystal, grunt_livestock,
          minmay_shop_damaged, chequers_arboretum
D:11:     layout_big_octagon, erik_lair_dragon, serial_park, serial_park_square3
          [serial_park_minivault_5x5_5], serial_park_square2,
          serial_park_tiny_2, serial_park_tiny_2, minivault_7
D:12:     layout_gridville, enter_trove_3, onia_ninara_cookie
D:13:     layout_loops_cross, david_vaults_2, serial_shops, shop_fountains,
          kennysheep_mini_moat, nicolae_shop_competitors_out_of_business,
          minmay_nine_imps
D:14:     layout_basic, gauntlet_entry_generic, minmay_statues_item
D:15:     gammafunk_depths_entry_grave, layout_basic, dk_noncrumbling_3,
          grunt_decor_mini_mirrors, jiyva_altar_1
Lair:1:   layout_concentric_octagons, uniq_fannar
Lair:2:   lemuel_ratsnest, layout_misc_corridors,
          minmay_snake_entry_six_corridors, roderic_batcave,
          grunt_forest_stairs_basic, eino_house_with_fridge
Lair:3:   layout_hall_layers, st_stairs_9, kennysheep_snail_temple
Lair:4:   layout_regular_city, nicolae_swamp_entry_splash_gauntlet,
          minivault_25, lemuel_fruit_fields, serial_bayou_shore_a,
          lemuel_fruit_tree, uniq_nessos
Lair:5:   layout_cave_pods
Lair:6:   evilmike_catoblepas_cave, layout_gridlike,
          dpeg_slime_entry_enclosed_altar, serial_bayou_crossing,
          lemuel_fruit_fields, uniq_kirke, uniq_urug
Orc:1:    layout_diamond_mine, serial_shops, shop, basic_altar
Orc:2:    pf_orc_diabolical, layout_diamond_mine, nicolae_orc_lost_temple,
          uniq_donald, uniq_rupert, uniq_erolcha
Elf:1:    layout_geoelf_octagon, gammafunk_ghost_split, serial_shops,
          nicolae_shop_temple_entry_statues_fountains, minmay_elf_sorcery,
          st_stairs_5
Elf:2:    layout_geoelf_octagon, serial_shops, shop, nicolae_shop_waterfront,
          shop, st_stairs_12
Elf:3:    elf_hall_gauntlet_narrow, layout_geoelf_octagon, serial_shops,
          nicolae_shop_window_shopping

Skill      XL: |  1  2  3  4  5  6  7  8  9 10 11 12 13 14 15 16 |
---------------+-------------------------------------------------+-----
Dodging        | 3 4 5 6 7 8 9 10 11 12 13 | 13.0
Fighting       | 4 5 6 7 9 10 11 12 13 14 15 16 | 16.3
Long Blades    | 2 6 8 10 12 13 15 16 17 | 17.1
Shields        | 1 4 5 7 8 10 11 12 | 12.6
Stealth        | 4 8 10 | 10.0
Throwing       | 4 |  4.2
Short Blades   | |  3.0

Action                   |  1- 3 |  4- 6 |  7- 9 | 10-12 | 13-15 | 16-18 || total
-------------------------+-------+-------+-------+-------+-------+-------++-------
Melee: Short sword       |   166 |    43 |       |       |       |       ||   209
       Tailslap          |    21 |     9 |    56 |   163 |   398 |    92 ||   739
       Dagger            |       |    68 |   244 |       |    16 |       ||   328
       Falchion          |       |       |   166 |   853 |  1885 |   518 ||  3422
       Unarmed           |       |       |       |       |    16 |       ||    16
       Long sword        |       |       |       |       |     6 |       ||     6
       Bite              |       |       |       |       |   228 |    67 ||   295
Throw: Dart              |       |       |     1 |       |     3 |     3 ||     7
Invok: Berserk           |     2 |     4 |     8 |    15 |    29 |     3 ||    61
  Use: Scroll            |       |       |    20 |     4 |    16 |    10 ||    50
       Potion            |       |       |       |       |     5 |       ||     5
 Stab: Sleeping          |     1 |       |       |     1 |    10 |    11 ||    23
  Eat: Chunk             |     5 |     9 |    12 |    27 |    51 |     7 ||   111
       Ration            |       |       |     3 |     3 |     8 |     2 ||    16
Armor: Skin              |    38 |    18 |   134 |   149 |   191 |    38 ||   568
Dodge: Dodged            |    94 |    55 |   361 |   465 |   997 |   157 ||  2129
Block: Kite shield       |       |       |   111 |   528 |  1452 |   396 ||  2487
       Rpst.: Falchion   |       |       |    41 |   130 |   249 |    35 ||   455
       Long sword        |       |       |       |       |     1 |       ||     1
